 Dungeon Crawl Stone Soup version 0.28-a0-991-g956f0ee3d5 (webtiles) character file.

Game seed: 5740709792004397768

825 sanka the Magician (level 7, -12/51 HPs)
             Began as a Gnoll Hedge Wizard on Dec 4, 2021.
             Was an Initiate of Ashenzari.
             Killed by divine providence
             ... invoked by an orc priest
              (16 damage)
             ... on level 5 of the Dungeon.
             The game lasted 00:08:40 (5914 turns).

sanka the Magician (Gnoll Hedge Wizard)             Turns: 5914, Time: 00:08:40

Health: -12/51     AC:  6    Str:  9    XL:     7   Next: 96%
Magic:  18/18      EV: 13    Int: 16    God:    Ashenzari [......]
Gold:   198        SH:  0    Dex: 11    Spells: 18/21 levels left

rFire   . . .      SeeInvis .   b - +0 dagger (venom)
rCold   + . .      Faith    .   (no shield)
rNeg    . . .      Spirit   .   m - +1 robe {rC+}
rPois   .          Reflect  .   j - +0 helmet of the Elysian God {Melee, Cun} (curse)
rElec   .          Harm     .   k - +0 cloak
rCorr   .          Rampage  .   i - +0 pair of gloves
Will    .....                   (no boots)
Stlth   +++.......              (no amulet)
HPRegen 0.17/turn               (no ring)
MPRegen 0.16/turn               (no ring)

@: no status effects
A: fangs 1, strong nose, distributed training
a: Renounce Religion, Shatter the Chains


You were on level 5 of the Dungeon.
You worshipped Ashenzari.
Ashenzari was noncommittal.
You visited 2 branches of the dungeon, and saw 6 of its levels.

You collected 198 gold pieces.


Innate Abilities, Weirdness & Mutations

You have very sharp teeth.
Your uncanny sense of smell can sniff out nearby items.
Your experience applies equally to all skills.


   Skills:
 + Level 2.8 Fighting
 + Level 2.8(3.3) Short Blades
 + Level 2.8(3.3) Long Blades
 + Level 2.8(3.3) Axes
 + Level 2.8(3.3) Maces & Flails
 + Level 2.8(3.3) Polearms
 + Level 2.8(3.3) Staves
 + Level 2.8 Slings
 + Level 2.8 Bows
 + Level 2.8 Crossbows
 + Level 2.8 Throwing
 + Level 2.8 Armour
 + Level 5.4(5.9) Dodging
 + Level 5.1(5.6) Stealth
 + Level 2.8 Shields
 + Level 2.8(3.3) Unarmed Combat
 + Level 7.7 Spellcasting
 + Level 3.2 Conjurations
 + Level 2.3 Hexes
 + Level 3.2 Summonings
 + Level 2.3 Necromancy
 + Level 3.2 Translocations
 + Level 2.3 Transmutations
 + Level 2.3 Fire Magic
 + Level 2.3 Ice Magic
 + Level 2.3 Air Magic
 + Level 2.3 Earth Magic
 + Level 2.3 Poison Magic
 + Level 3.1 Invocations
 + Level 2.8 Evocations


You had 18 spell levels left.
You knew the following spells:

 Your Spells              Type           Power      Damage    Failure   Level
x - Call Imp              Summ           16%        N/A       4%          2
z - Magic Dart            Conj           64%        1d6       3%          1

Your spell library contained the following spells:

 Spells                   Type           Power      Damage    Failure   Level
 Animate Skeleton         Necr           26%        N/A       4%          1
 Pain                     Necr           52%        1d6       4%          1
 Slow                     Hex            52%        N/A       4%          1
 Blink                    Tloc           32%        N/A       4%          2
 Conjure Flame            Conj/Fire      15%        6-21      11%         3
 Mephitic Cloud           Conj/Pois/Air  14%        N/A       12%         3
 Confusing Touch          Hex            13%        N/A       14%         3
 Vampiric Draining        Necr           13%        2d6       14%         3
 Yara's Violent Unravell  Hex/Tmut       6%         3d5       77%         5

Inventory:

Hand Weapons
 a - a +0 scimitar
 b - a +0 dagger of venom (weapon)
Armour
 i - a +0 pair of gloves (worn)
 j - the cursed +0 helmet of the Elysian God (worn) {Melee, Cun}

   It has a curse which improves the following skills: Melee Combat: Short
   Blades, Long Blades, Axes, Maces & Flails, Polearms, Staves and Unarmed
   Combat.
   Cunning:   Dodging and Stealth.
 k - a +0 cloak (worn)
 m - a +1 robe of cold resistance (worn)
Scrolls
 c - a scroll of enchant weapon {unknown}
 d - 3 scrolls of noise {unknown}
 f - 5 scrolls of identify {unknown}
 l - 2 scrolls of teleportation {unknown}
 o - a scroll of silence {unknown}
 p - a scroll of fog {unknown}
 q - a scroll of fear {unknown}
Potions
 e - a potion of curing {@q1}
 g - a potion of resistance {unknown}
 h - a potion of cancellation {unknown}
 n - a potion of mutation {unknown}
 r - a potion of invisibility {unknown}

Dungeon Overview and Level Annotations

Branches:
Dungeon (5/15)             Temple (1/1) D:4

Altars:
Ashenzari
Cheibriados
Dithmenos
Elyvilon
Fedhas
Gozag
Hepliaklqana
Kikubaaqudgha
Makhleb
Nemelex Xobeh
Okawaru
Qazlal
Ru
Sif Muna
Trog
Uskayaw
Vehumet
Wu Jian
Xom
Yredelemnul
Zin
The Shining One

▒▒▒.▒ ▒...
▒s.s▒▒ ▒▒...
...o...▒.o▒▒▒
▒..▒▒
.....▒▒▒▒▒o>▒▒
▒▒(▒▒ ..oo
▒▒.o▒▒▒ ▒..▒
... ▒▒▒..▒▒
▒▒.▒▒ ..
▒▒o.▒▒▒ ▒▒.▒▒
. ▒▒▒o.▒▒ ▒..▒
▒g▒..▒▒▒ ▒▒.▒▒
▒▒▒▒...▒▒▒..▒▒
▒▒▒..▒....▒▒
▒▒.......▒
▒▒..........
▒..........
▒..........
▒..........
▒..........


You could see an orc priest (extremely poisoned).


Message History

The orc priest hits you but does no damage.
Unknown command.
You hit the orc priest but do no damage.
The orc priest is poisoned.
The orc priest is lightly wounded.
You feel sick. The orc priest completely misses you.
Unknown command.
You hit the orc priest but do no damage.
The orc priest looks as sick as possible!
The orc priest is lightly wounded.
You hit the orc priest but do no damage.
The orc priest looks as sick as possible!
The orc priest is lightly wounded.
You feel sick.
The orc priest calls down the wrath of Beogh upon you.
Pain shoots through your body!
* * * LOW HITPOINT WARNING * * *
Unknown command.
You hit the orc priest but do no damage.
Your bite misses the orc priest.
The orc priest is moderately wounded.
You feel sick.
You are no longer poisoned.
The orc priest misses you.
You hit the orc priest but do no damage.
The orc priest is severely wounded.
The orc priest mumbles some strange prayers to Beogh against you.
Beogh smites you!
You die...

Action                   |  1- 3 |  4- 6 |  7- 9 || total
-------------------------+-------+-------+-------++-------
Melee: Dagger            |     8 |    63 |    72 ||   143
       Bite              |       |     3 |    10 ||    13
       Scimitar          |       |     1 |       ||     1
       Punch             |       |       |     1 ||     1
 Cast: Magic Dart        |    82 |    88 |    31 ||   201
       Call Imp          |       |    10 |     4 ||    14
Invok: Curse Item        |       |     1 |       ||     1
  Use: Potion            |       |     1 |       ||     1
 Stab: Distracted        |       |     1 |       ||     1
Armor: Robe              |     4 |    23 |    13 ||    40
Dodge: Dodged            |    12 |    39 |    42 ||    93

Levels and vault maps discovered:
D:1:      roderic_crop_circles_arrival_small, layout_basic
D:2:      layout_basic
D:3:      layout_basic, mainiacjoe_overflow_chevrons,
          ebering_ecumenical_altar_ruins, minmay_splitting_lines,
          minmay_misc_feat_chi, uniq_robin, uniq_natasha, uniq_jessica
D:4:      layout_cave_pods, temple_green, uniq_blork_the_orc
D:5:      layout_cave_pods
Temple:   compressed_dpeg_triangle_lava_temple

Notes
Turn   | Place    | Note
-------+----------+-------------------------------------------
     0 | D:1      | sanka the Gnoll Hedge Wizard began the quest for the Orb.
     0 | D:1      | Reached XP level 1. HP: 13/13 MP: 8/8
   101 | D:1      | Reached skill level 2 in Conjurations
   101 | D:1      | Reached skill level 2 in Summonings
   101 | D:1      | Reached skill level 2 in Translocations
   117 | D:1      | Reached XP level 2. HP: 17/19 MP: 1/10
   241 | D:1      | Learned a level 2 spell: Call Imp
  1085 | D:2      | Reached XP level 3. HP: 25/25 MP: 5/11
  1589 | D:3      | Reached skill level 1 in Invocations
  1655 | D:3      | Found a basalt altar of Yredelemnul.
  1756 | D:3      | Noticed Robin
  1833 | D:3      | Killed Robin
  1834 | D:3      | Reached skill level 1 in Fighting
  1834 | D:3      | Reached skill level 1 in Short Blades
  1834 | D:3      | Reached skill level 1 in Long Blades
  1834 | D:3      | Reached skill level 1 in Axes
  1834 | D:3      | Reached skill level 1 in Maces & Flails
  1834 | D:3      | Reached skill level 1 in Polearms
  1834 | D:3      | Reached skill level 1 in Staves
  1834 | D:3      | Reached skill level 1 in Slings
  1834 | D:3      | Reached skill level 1 in Bows
  1834 | D:3      | Reached skill level 1 in Crossbows
  1834 | D:3      | Reached skill level 1 in Throwing
  1834 | D:3      | Reached skill level 1 in Armour
  1834 | D:3      | Reached skill level 1 in Shields
  1834 | D:3      | Reached skill level 1 in Unarmed Combat
  1834 | D:3      | Reached skill level 1 in Evocations
  1852 | D:3      | Reached XP level 4. HP: 31/32 MP: 0/13
  2000 | D:3      | Noticed Natasha
  2014 | D:2      | Killed Natasha
  2323 | D:3      | Reached skill level 1 in Hexes
  2323 | D:3      | Reached skill level 1 in Necromancy
  2323 | D:3      | Reached skill level 1 in Transmutations
  2323 | D:3      | Reached skill level 1 in Fire Magic
  2323 | D:3      | Reached skill level 1 in Ice Magic
  2323 | D:3      | Reached skill level 1 in Air Magic
  2323 | D:3      | Reached skill level 1 in Earth Magic
  2323 | D:3      | Reached skill level 1 in Poison Magic
  2476 | D:3      | Found a faded altar of an unknown god.
  2671 | D:3      | Noticed Jessica
  2679 | D:3      | Killed Jessica
  2680 | D:3      | Reached XP level 5. HP: 37/37 MP: 6/14
  3356 | D:4      | Found a staircase to the Ecumenical Temple.
  3394 | Temple   | Entered the Ecumenical Temple
  3560 | Temple   | Became a worshipper of Ashenzari the Shackled
  4033 | D:4      | Noticed Blork the orc
  4045 | D:4      | Killed Blork the orc
  4046 | D:4      | Reached skill level 2 in Invocations
  4046 | D:4      | Reached XP level 6. HP: 41/44 MP: 9/16
  4145 | D:4      | Noticed a necrophage
  4180 | D:4      | Killed a necrophage
  4181 | D:4      | Reached skill level 2 in Fighting
  4181 | D:4      | Reached skill level 2 in Short Blades
  4181 | D:4      | Reached skill level 2 in Long Blades
  4181 | D:4      | Reached skill level 2 in Axes
  4181 | D:4      | Reached skill level 2 in Maces & Flails
  4181 | D:4      | Reached skill level 2 in Polearms
  4181 | D:4      | Reached skill level 2 in Staves
  4181 | D:4      | Reached skill level 2 in Slings
  4181 | D:4      | Reached skill level 2 in Bows
  4181 | D:4      | Reached skill level 2 in Crossbows
  4181 | D:4      | Reached skill level 2 in Throwing
  4181 | D:4      | Reached skill level 2 in Armour
  4181 | D:4      | Reached skill level 5 in Dodging
  4181 | D:4      | Reached skill level 2 in Shields
  4181 | D:4      | Reached skill level 2 in Unarmed Combat
  4181 | D:4      | Reached skill level 2 in Evocations
  4912 | D:5      | Entered Level 5 of the Dungeon
  4987 | D:5      | Reached XP level 7. HP: 10/51 MP: 6/18
  5284 | D:5      | Reached skill level 2 in Hexes
  5284 | D:5      | Reached skill level 2 in Necromancy
  5284 | D:5      | Reached skill level 2 in Transmutations
  5284 | D:5      | Reached skill level 2 in Fire Magic
  5284 | D:5      | Reached skill level 2 in Ice Magic
  5284 | D:5      | Reached skill level 2 in Air Magic
  5284 | D:5      | Reached skill level 2 in Earth Magic
  5284 | D:5      | Reached skill level 2 in Poison Magic
  5341 | D:5      | Reached skill level 3 in Conjurations
  5341 | D:5      | Reached skill level 3 in Summonings
  5341 | D:5      | Reached skill level 3 in Translocations
  5665 | D:5      | Reached skill level 5 in Stealth
  5874 | D:5      | Reached skill level 3 in Invocations
  5912 | D:5      | HP: 5/51 [orc priest/nerve-wracking pain (10)]
  5914 | D:5      | Killed from afar by an orc priest

Vanquished Creatures
  A necrophage (D:4)
  An ogre (D:5)
  Blork the orc (D:4)
  A scorpion (D:5)
  A howler monkey (D:5)
  A hound (D:5)
  2 orc priests (D:4)
  Jessica (D:3)
  Natasha (D:2)
  3 iguanas (D:5)
  3 orc wizards
  Robin (D:3)
  A gnoll (D:5)
  5 adders
  A worm (D:4)
  A dart slug (D:2)
  8 orcs
  2 bats (D:2)
  5 endoplasms
  A giant cockroach (D:3)
  11 goblins
  9 hobgoblins
  3 jackals (D:1)
  3 quokkas
  5 ball pythons
  3 frilled lizards
  4 kobolds
  3 rats
82 creatures vanquished.

Vanquished Creatures (collateral kills)
  A hound (D:5)
  An iguana (D:5)
  2 gnolls (D:5)
  2 orcs (D:4)
6 creatures vanquished.

Vanquished Creatures (others)
  6 plants (D:1)
6 creatures vanquished.

Grand Total: 94 creatures vanquished
